 Dungeon Crawl Stone Soup version 0.27-a0-1181-g5f64966fcc (webtiles) character file.

Game seed: 6068620329123936598

44861 rjrrt the Severer (level 13, -14/104 HPs)
             Began as a Demonspawn Berserker on May 17, 2021.
             Was a High Priest of Trog.
             Demolished by a cane toad (26 damage)
             ... on level 6 of the Lair of Beasts.
             The game lasted 00:40:53 (23774 turns).

rjrrt the Severer (Demonspawn Berserker)           Turns: 23774, Time: 00:40:54

Health: -14/104    AC: 22    Str: 21    XL:     13   Next: 98%
Magic:  0/13       EV: 12    Int: 10    God:    Trog [*****.]
Gold:   2073       SH:  0    Dex: 13    Spells: 12/12 levels left

rFire    + + .     SeeInvis .   a - +3 war axe (venom)
rCold    x . .     Faith    .   (no shield)
rNeg     . . .     Spirit   +   h - +1 chain mail {rF+}
rPois    +         Reflect  .   j - +2 helmet
rElec    .         Harm     .   K - +2 cloak
rCorr    .         Rampage  .   J - +0 pair of gloves
Will     .....                  (no boots)
Stlth    ..........             e - amulet "Meothit" {Acrobat +Blink Fly rPois}
HPRegen  0.27/turn              H - ring of fire
MPRegen  0.26/turn              (no ring)

@: sleeping, flying, slowed, studying 2 skills
A: hooves 2, molten scales 1, magic shield, magic regeneration, magic link
a: Renounce Religion, Evoke Blink, Berserk, Trog's Hand, Brothers in Arms


You were on level 6 of the Lair of Beasts.
You worshipped Trog.
Trog was extremely pleased with you.
You visited 2 branches of the dungeon, and saw 17 of its levels.
You also visited: Bailey and Volcano.

You collected 2255 gold pieces.
You spent 182 gold pieces at shops.

Inventory:

Hand Weapons
 a - a +3 war axe of venom (weapon)
 b - a +4 trident
 B - a +0 dire flail of flaming
Missiles
 m - 82 poisoned darts
 x - 56 boomerangs (quivered)
 y - 3 boomerangs of dispersal
Armour
 h - a +1 chain mail of fire resistance (worn)
 j - a +2 helmet (worn)
 J - a +0 pair of gloves (worn)
 K - a +2 cloak (worn)
Jewellery
 e - the amulet "Meothit" (around neck) {Acrobat +Blink Fly rPois}
   (You acquired it on level 3 of the Dungeon)

   [amulet of the acrobat]

   It increases your evasion while moving and waiting.
   It protects you from poison.
   It grants you flight.
   It lets you blink.
 H - a ring of fire (left hand)
Wands
 k - a wand of polymorph (15)
 o - a wand of digging (18)
 p - a wand of mindburst (30)
 s - a wand of flame (23)
 F - a wand of paralysis (5)
 G - a wand of iceblast (11)
Scrolls
 c - 6 scrolls of fear
 g - 2 scrolls of teleportation
 i - a scroll of blinking
 v - 4 scrolls of enchant armour
 I - a scroll of enchant weapon
Potions
 d - 7 potions of curing
 f - a potion of attraction
 l - a potion of invisibility
 n - 4 potions of berserk rage {unknown}
 q - 3 potions of heal wounds
 r - a potion of ambrosia {unknown}
 t - a potion of magic {unknown}
 u - a potion of resistance {unknown}
 w - a potion of brilliance {unknown}
 z - a potion of mutation {unknown}
 A - a potion of degeneration {unknown}
 C - a potion of cancellation {unknown}
 D - 2 potions of lignification
 E - 4 potions of might
 L - 2 potions of haste


   Skills:
 + Level 10.4 Fighting
 * Level 15.4 Axes
 + Level 9.3 Armour
 + Level 11.7 Dodging
 - Level 4.0 Evocations


You had 12 spell levels left.
You didn't know any spells.
Your spell library was empty.

Dungeon Overview and Level Annotations

Branches:
Dungeon (11/15)            Temple (0/1) D:7            Lair (6/6) D:11
 Shoals (0/4) Lair:2       Spider (0/4) Lair:2          Orc (0/2) D:10
 Bailey (visited)         Volcano (visited)
  Slime: Lair:5-6

Altars:
Ashenzari
Cheibriados
Dithmenos
Elyvilon
Fedhas
Gozag
Makhleb
Okawaru
Ru
Uskayaw
Yredelemnul

Shops:
D:6 (   D:7 (((:


Innate Abilities, Weirdness & Mutations

You have hoof-like feet.
You are partially covered in molten scales. (AC +2)
When hurt, damage is shared between your health and your magic reserves.
You regenerate magic rapidly.
When low on magic, you restore magic in place of health.


Message History

A dream sheep comes into view.
Being near the torpor snail leaves you feeling lethargic.
You feel yourself speed up.
Being near the torpor snail leaves you feeling lethargic.
The cane toad stings you but does no damage.
You feel yourself speed up.
Being near the torpor snail leaves you feeling lethargic.
The cane toad completely misses you. The death yak completely misses you.
You feel yourself speed up.
Being near the torpor snail leaves you feeling lethargic.
You feel yourself speed up.
The dream sheep shake their wool and sparkle.
You feel drowsy...
You fall asleep.
The cane toad closely misses you.
Being near the torpor snail leaves you feeling lethargic.
The death yak completely misses you. The cane toad barely misses you.
The death yak misses you. The cane toad stings you!
You wake up.
* * * LOW HITPOINT WARNING * * *
The death yak misses you.
A dream sheep comes into view.
The death yak gores you but does no damage.
The cane toad stings you!
* * * LOW HITPOINT WARNING * * *
Unknown command.
Unknown command.
A dream sheep comes into view.
The cane toad completely misses you.
Unknown command.
Your ogre goes berserk!
The dream sheep bleats!
The cane toad stings you.
* * * LOW HITPOINT WARNING * * *
The dream sheep shake their wool and sparkle.
You feel drowsy...
You fall asleep.
The cane toad stings you but does no damage.
The dream sheep bleats! x2
The cane toad completely misses you. The cane toad stings you!!
You die...

#.......#.### ..
##P.....#..#P## .....#
.......##....##.....P
#....##.............
#........Y........... ..
#....P..≈≈≈≈.........Y ...
##......≈O≈≈≈.......... ...#
#......≈÷≈@≈Y...Y..#.#..
..#.##.....≈≈≈≈F≈Y.w.....##.P
...........≈≈≈≈≈†Y.Y.Y.......
####.......≈≈≈≈†.<...........
##......≈≈≈≈≈............
#.......≈≈≈≈≈†......#..
#.......≈≈≈≈.......##
#.^.......≈≈#......#
##......#....###...........


You could see 2 death yaks, a torpor snail, a cane toad (ally target), 5 dream
sheep and a friendly ogre (summoned, berserk, slow).

Vanquished Creatures
  4 hydras
  A boulder beetle (Lair:2)
  A two-headed ogre (D:9)
  7 death yaks
  Urug (Lair:2)
  2 skeletal warriors (Volcano)
  The ghost of mhtbhm the Thaumaturge, a novice DEFE of Vehumet (D:8)
  Pikel (D:6)
  A manticore (D:11)
  A moth of wrath (D:8)
  3 black mambas (Lair:5)
  4 merfolk sirens (Lair:2)
  4 elephants (Lair:3)
  Joseph (D:10)
  7 cane toads
  A torpor snail (Lair:4)
  3 gargoyles (Volcano)
  Maggie (D:10)
  A kobold demonologist (D:8)
  4 komodo dragons
  8 rime drakes
  2 trolls
  A polar bear (Lair:4)
  Grinder (D:3)
  A harpy skeleton (Volcano)
  Prince Ribbit (D:6)
  A hornet (Lair:4)
  5 dream sheep (Lair:6)
  A blink frog (Lair:1)
  3 flying skulls (Volcano)
  2 alligator skeletons (Volcano)
  Sigmund (D:5)
  A shadow (D:9)
  38 yaks
  3 wyverns
  3 wraiths
  2 basilisks
  Menkaure (D:6)
  14 steam dragons
  10 water moccasins
  An acid dragon (D:9)
  8 orc warriors
  2 ice beasts
  3 black bears
  3 ogres (D:10)
  2 necrophages
  18 wolves
  9 centaurs
  A lemure (D:6)
  2 phantoms
  4 kobold brigands
  6 bullfrogs
  2 gnoll sergeants
  Blork the orc (D:4)
  7 scorpions
  4 killer bees (D:9)
  A spriggan skeleton (Volcano)
  A troll skeleton (Volcano)
  13 wights
  4 electric eels
  5 howler monkeys
  6 centaur zombies
  A gnoll shaman (D:6)
  5 jellies
  3 orc priests
  A hound (D:6)
  2 iguanas (D:6)
  Ijyb (D:5)
  6 orc wizards
  5 hell rats (Lair:4)
  2 killer bee zombies
  A hound skeleton (D:4)
  A howler monkey zombie (D:8)
  Robin (D:2)
  26 gnolls
  5 adders
  2 white imps (D:5)
  2 ufetubi
  3 worms
  4 dart slugs
  33 orcs
  7 bats
  7 endoplasms
  5 giant cockroaches
  13 hobgoblins
  5 jackals (D:1)
  6 quokkas
  5 ball pythons
  4 frilled lizards
  16 goblins
  19 kobolds
  5 rats
  A bush (D:6)
448 creatures vanquished.

Vanquished Creatures (collateral kills)
  Snorg (D:10)
  An elephant (Lair:3)
  A komodo dragon (Lair:3)
  A bullfrog (Lair:4)
  A scorpion (Lair:2)
5 creatures vanquished.

Vanquished Creatures (others)
  29 fungi
  27 plants
  4 withered plants (D:11)
60 creatures vanquished.

Grand Total: 513 creatures vanquished

Notes
Turn   | Place    | Note
-------+----------+-------------------------------------------
     0 | D:1      | rjrrt the Demonspawn Berserker began the quest for the Orb.
     0 | D:1      | Reached XP level 1. HP: 18/18 MP: 1/1
   144 | D:1      | Reached skill level 3 in Axes
   448 | D:1      | Gained mutation: You have large cloven feet. [demonic
                  | ancestry]
   448 | D:1      | Reached XP level 2. HP: 21/24 MP: 2/2
  1256 | D:2      | Noticed Robin
  1258 | D:2      | Reached ** piety under Trog
  1259 | D:2      | Reached XP level 3. HP: 29/29 MP: 3/3
  1260 | D:2      | Killed Robin
  1261 | D:2      | Reached skill level 4 in Axes
  1539 | D:2      | Found a faded altar of an unknown god.
  1766 | D:2      | Noticed a phantom
  1786 | D:2      | Killed a phantom
  1787 | D:2      | Reached skill level 5 in Axes
  1787 | D:2      | Gained mutation: You are partially covered in molten
                  | scales. (AC +2) [demonic ancestry]
  1787 | D:2      | Reached XP level 4. HP: 13/35 MP: 4/4
  1787 | D:2      | Gained mutation: You regenerate magic rapidly. [demonic
                  | ancestry]
  1787 | D:2      | Reached XP level 5. HP: 15/41 MP: 5/5
  2822 | D:3      | Noticed Grinder
  2839 | D:3      | Killed Grinder
  2840 | D:3      | Reached skill level 6 in Axes
  2840 | D:3      | Reached XP level 6. HP: 47/47 MP: 6/6
  2905 | D:3      | You fall into a shaft and drop 3 floors!
  2931 | D:6      | Found Mautoups's Antique Weapon Shoppe.
  3001 | D:6      | Noticed Pikel
  3019 | D:6      | Killed Pikel
  3020 | D:6      | Reached skill level 8 in Axes
  3020 | D:6      | Gained mutation: When hurt, damage is shared between your
                  | health and your magic reserves. [demonic ancestry]
  3020 | D:6      | Reached XP level 7. HP: 52/52 MP: 7/7
  3078 | D:6      | Reached *** piety under Trog
  3558 | D:6      | Reached skill level 9 in Axes
  3558 | D:6      | Gained mutation: You have hoof-like feet. [demonic
                  | ancestry]
  3558 | D:6      | Reached XP level 8. HP: 53/58 MP: 8/8
  3569 | D:5      | Entered Level 5 of the Dungeon
  3728 | D:5      | Noticed Sigmund
  3734 | D:5      | Killed Sigmund
  3952 | D:5      | Found an opulent altar of Gozag.
  4128 | D:4      | Noticed Blork the orc
  4137 | D:4      | Killed Blork the orc
  4138 | D:4      | Reached skill level 10 in Axes
  4182 | D:4      | Found an iron altar of Okawaru.
  4498 | D:3      | Identified a scroll of acquirement
  4498 | D:3      | Acquired the amulet "Meothit" {Acrobat +Blink Fly rPois}
  4949 | D:4      | Found a shadowy altar of Dithmenos.
  5868 | D:5      | Found a burning altar of Makhleb.
  5884 | D:5      | Noticed Ijyb
  5892 | D:5      | Killed Ijyb
  6205 | D:5      | Reached **** piety under Trog
  6531 | D:6      | Noticed Prince Ribbit
  6561 | D:6      | Killed Prince Ribbit
  6562 | D:6      | Reached XP level 9. HP: 31/65 MP: 3/9
  7500 | D:6      | Noticed Menkaure
  7509 | D:6      | Killed Menkaure
  7957 | D:7      | Found Kylunwec's Book Shoppe.
  7962 | D:7      | Found a staircase to the Ecumenical Temple.
  8328 | D:7      | Identified the +11 scimitar "Lairghaco" {flame, *Corrode
                  | rElec Dex-2 SInv}
  8362 | D:7      | Reached skill level 11 in Axes
  8456 | D:7      | Found Pingob's Weapon Boutique.
  9006 | D:7      | Reached skill level 5 in Fighting
  9178 | D:7      | Found Manyc's Antique Weapon Emporium.
  9187 | D:7      | Bought a glowing war axe for 182 gold pieces
  9197 | D:7      | Found Zyasusom's Weapon Emporium.
  9448 | D:8      | Noticed a kobold demonologist
  9469 | D:8      | Killed a kobold demonologist
  9470 | D:8      | Reached XP level 10. HP: 71/74 MP: 10/10
  9551 | D:8      | Reached skill level 1 in Evocations
  9557 | D:8      | Reached ***** piety under Trog
  9867 | D:8      | Identified the +6 mace of Subterfuge {antimagic, Str+5
                  | SInv} (Trog gifted it to you on level 8 of the Dungeon)
  9867 | D:8      | Received a gift from Trog
  9873 | D:8      | Reached skill level 5 in Armour
  9873 | D:8      | Reached skill level 5 in Dodging
 10252 | D:8      | Found a transporter.
 10256 | D:8      | Noticed mhtbhm's ghost (novice DEFE)
 10258 | D:8      | Noticed a moth of wrath
 10271 | D:8      | Found a transporter.
 10283 | D:8      | Reached skill level 12 in Axes
 10283 | D:8      | Killed mhtbhm's ghost
 10284 | D:8      | Killed a moth of wrath
 10682 | D:8      | Found a broken altar of Ashenzari.
 10720 | D:8      | Acquired a manual of Dodging
 10868 | D:9      | Found a flagged portal.
 10885 | Bailey   | Entered a bailey
 11275 | Bailey   | Found an iron altar of Okawaru.
 11281 | Bailey   | Identified the +1 short sword of Optimality {vorpal, rC++
                  | Int+4}
 11399 | D:9      | Reached XP level 11. HP: 73/83 MP: 11/11
 11649 | D:9      | Noticed a two-headed ogre
 11669 | D:9      | Killed a two-headed ogre
 11819 | D:9      | Found a snail-covered altar of Cheibriados.
 11820 | D:9      | Found a sacrificial altar of Ru.
 11822 | D:9      | Found a blossoming altar of Fedhas.
 12157 | D:9      | Received a gift from Trog
 12465 | D:10     | Entered Level 10 of the Dungeon
 12498 | D:10     | Found a hide-covered altar of Uskayaw.
 12556 | D:10     | Noticed Snorg
 12563 | D:10     | Killed Snorg
 12932 | D:10     | Noticed Maggie
 12935 | D:10     | Paralysed by Maggie for 6 turns
 12950 | D:10     | Killed Maggie
 13309 | D:10     | Found a staircase to the Orcish Mines.
 13438 | D:10     | Noticed Joseph
 13444 | D:10     | Killed Joseph
 13456 | D:10     | Reached skill level 13 in Axes
 14670 | D:11     | Found a staircase to the Lair.
 14676 | D:11     | Found a basalt altar of Yredelemnul.
 15063 | Lair:1   | Entered Level 1 of the Lair of Beasts
 15447 | Lair:1   | Reached XP level 12. HP: 84/92 MP: 12/12
 16220 | Lair:2   | Noticed Urug
 16239 | Lair:2   | Killed Urug
 16691 | Lair:2   | Noticed a boulder beetle
 16697 | Lair:2   | Found a hole to the Spider Nest.
 16710 | Lair:2   | Killed a boulder beetle
 16828 | Lair:2   | Noticed a seven-headed hydra
 16851 | Lair:2   | Killed a seven-headed hydra
 17144 | Lair:2   | Found a staircase to the Shoals.
 17905 | Lair:3   | Noticed a four-headed hydra
 17916 | Lair:3   | Killed a four-headed hydra
 18221 | Lair:3   | Reached skill level 14 in Axes
 18685 | Lair:3   | Reached skill level 10 in Dodging
 18914 | Lair:3   | Gained mutation: When low on magic, you restore magic in
                  | place of health. [demonic ancestry]
 18914 | Lair:3   | Reached XP level 13. HP: 86/101 MP: 10/13
 21743 | Lair:5   | Found a dark tunnel.
 21750 | Volcano  | Entered a volcano
 22413 | Lair:5   | Reached skill level 15 in Axes
 22509 | Lair:5   | Reached skill level 10 in Fighting
 23436 | Lair:6   | Entered Level 6 of the Lair of Beasts
 23774 | Lair:6   | Demolished by a cane toad

Illustrated notes

Levels and vault maps discovered:
D:1:      sevenhm_arrival_forest_fort_small_5, layout_basic
D:2:      layout_loops_corners, ebering_ecumenical_altar_mist, uniq_robin
D:3:      layout_rooms, serial_glass, glass_columns_a, glass_columns_b,
          chequers_serial_rivers_micro_e, uniq_grinder
D:4:      layout_cave_pods, old_standard_altar,
          nicolae_dithmenos_through_a_glass_darkly, minmay_strange_pillars,
          small_statue_intersection, uniq_blork_the_orc
D:5:      layout_loops_corners, nicolae_overflow_hidden_temple,
          nicolae_gozag_cash_rules_everything_around_me, uniq_ijyb, uniq_sigmund
D:6:      layout_cave_pods, serial_shops, nicolae_shop_behind_doors,
          kb_lookout_dungeons_type, glass_columns_c, uniq_prince_ribbit1,
          uniq_menkaure, uniq_pikel
D:7:      layout_gridville, temple_statues, serial_shops, nicolae_shop_crystal,
          shop, nicolae_shop_temple_entry_statues_fountains, shop,
          minmay_manual_mares
D:8:      layout_basic, ashenzari_altar_1, gammafunk_ghost_berserking_beasts
D:9:      layout_loops_ring, grunt_temple_overflow_open, enter_bailey_4
D:10:     layout_gridville, kennysheep_mini, kennysheep_mini_moat,
          kennysheep_orc_monster_closet_entryway, patterned_corridor,
          uniq_snorg, uniq_maggie, uniq_joseph
D:11:     layout_roguey, lair_entry_dummy, yredelemnul_altar_generic
Lair:1:   layout_small_grid
Lair:2:   layout_small_grid, elwin_shoals_entry_rooms,
          nicolae_spider_entry_non_spiders, uniq_urug
Lair:3:   layout_gridlike, bobbens_dragon_lair_wall
Lair:4:   layout_cave_pods
Lair:5:   layout_hall_layers, enter_volcano_4, beast_lair_carwin_7,
          infiniplex_staircase_pool_2
Lair:6:   evilmike_catoblepas_cave, layout_regular_city,
          dpeg_slime_entry_enclosed_altar, roderic_batcave, minivault_26,
          gammafunk_lair_bear_cave, infiniplex_staircase_pool

Skill      XL: |  1  2  3  4  5  6  7  8  9 10 11 12 13 |
---------------+----------------------------------------+-----
Axes           | 3 5 6 8 9 10 11 12 13 14 15 | 15.4
Armour         | 2 4 5 6 8 9 |  9.3
Dodging        | 2 4 5 8 10 11 | 11.7
Fighting       | 5 6 7 9 10 | 10.4
Evocations     | 3 4 |  4.0

Action                   |  1- 3 |  4- 6 |  7- 9 | 10-12 | 13-15 || total
-------------------------+-------+-------+-------+-------+-------++-------
Melee: Hand axe          |    94 |    86 |   461 |       |       ||   641
       Kick              |    12 |    24 |   137 |   193 |   129 ||   495
       Unarmed           |       |     4 |       |       |       ||     4
       War axe           |       |       |    25 |   566 |   360 ||   951
       Trident           |       |       |       |    34 |    10 ||    44
       Dire flail        |       |       |       |       |     3 ||     3
Throw: Dart              |       |       |     7 |    20 |       ||    27
       Boomerang         |       |       |       |    22 |       ||    22
Invok: Berserk           |     1 |     3 |    14 |    12 |     5 ||    35
       Brothers in Arms  |       |       |       |     5 |     1 ||     6
Evoke: Wand              |       |       |     3 |       |     6 ||     9
  Use: Scroll            |       |       |    10 |    10 |     4 ||    24
 Stab: Distracted        |       |       |       |     1 |       ||     1
Armor: Animal skin       |     6 |       |       |       |       ||     6
       Scale mail        |    24 |    13 |       |       |       ||    37
       Chain mail        |       |    26 |   216 |   267 |   155 ||   664
Dodge: Dodged            |    54 |    36 |   209 |   337 |   194 ||   830

Table legend: (Time is in decaauts)
 A = Elapsed time spent in this place.
 B = Non-inter-level travel time spent in this place.
 C = Inter-level travel time spent in this place.
 D = Time resting spent in this place.
 E = Time spent auto-exploring this place.
 F = Levels seen in this place.
 G = Mean time per level.
                   A        B        C        D        E       F      G
               +--------+--------+--------+--------+--------+-----+--------+
         Total |  23855 |  23304 |    551 |   4879 |  13300 |  19 | 1255.5 |
       Dungeon |  14749 |  14390 |    359 |   2581 |   8795 |  11 | 1340.8 |
          Lair |   8057 |   7865 |    192 |   1998 |   4504 |   6 | 1342.8 |
        Bailey |    435 |    435 |      0 |    104 |      0 |   1 |  435.0 |
       Volcano |    612 |    612 |      0 |    194 |      0 |   1 |  612.0 |
               +--------+--------+--------+--------+--------+-----+--------+

Top non-repeatable levels by time:
  Lair:3: 2621 daAuts
     D:6: 2072 daAuts
     D:7: 1892 daAuts
     D:5: 1627 daAuts
    D:10: 1616 daAuts
  Lair:1: 1459 daAuts
     D:2: 1419 daAuts
  Lair:2: 1311 daAuts
     D:1: 1268 daAuts
  Lair:5: 1245 daAuts
     D:9: 1183 daAuts
  Lair:4: 1151 daAuts
     D:4: 1023 daAuts
    D:11: 986 daAuts
     D:8: 976 daAuts
